 Dungeon Crawl Stone Soup version 0.30.1-3-gfc49f6343a (webtiles) character file.

Game seed: 10358826905269021379

45 Atelerd the Digger (level 3, -2/21 HPs)
             Began as an Octopode Earth Elementalist on July 31, 2023.
             Slain by Robin
             ... wielding a +0 mace
              (8 damage)
             ... on level 2 of the Dungeon.
             The game lasted 00:00:51 (1087 turns).

Atelerd the Digger (Octopode Earth Elementalist)    Turns: 1087, Time: 00:00:52

Health: -2/21      AC:  1    Str:  7    XL:     3   Next: 64%
Magic:  1/6        EV: 13    Int: 17    God:
Gold:   56         SH:  0    Dex: 14    Spells: 6/7 levels left

rFire   . . .        f - +0 dagger (drain)
rCold   . . .        (no shield)
rNeg    . . .        (helmet restricted)
rPois   .            (no amulet)
rElec   .            (no ring)
rCorr   .            (no ring)
SInv    .            (no ring)
Will    .....        (no ring)
Stlth   +++          (no ring)
HPRegen 0.23/turn    (no ring)
MPRegen 0.10/turn    (no ring)
                     (no ring)

%: no passive effects
@: no status effects
A: almost no armour, amphibious, 8 rings, camouflage 1, gelatinous body 1,
(nimble swimmer 1), tentacles
a: no special abilities


You were on level 2 of the Dungeon.
You visited 1 branch of the dungeon, and saw 2 of its levels.

You collected 56 gold pieces.

Inventory:

Hand Weapons
 f - a +0 dagger of draining (weapon)
Jewellery
 i - a +6 ring of intelligence
Scrolls
 b - a scroll of enchant armour {unknown}
 c - a scroll of teleportation {unknown}
 d - 3 scrolls of identify {unknown}
 e - a scroll of immolation {unknown}
 g - a scroll of fear {unknown}
Potions
 j - a potion of flight {unknown}


   Skills:
 + Level 0.1 Fighting
 - Level 2.0 Dodging
 - Level 2.6 Stealth
 + Level 2.5 Spellcasting
 + Level 1.0 Transmutations
 + Level 4.0 Earth Magic


You had 6 spell levels left.
You knew the following spells:

 Your Spells              Type           Power      Damage    Failure   Level
a - Sandblast             Erth           32%        2d9       3%          1

Your spell library contained the following spells:

 Spells                   Type           Power      Damage    Failure   Level
 Passwall                 Tmut/Erth      8%         N/A       10%         2
 Stone Arrow              Conj/Erth      18%        3d8       24%         3
 Petrify                  Tmut/Erth      10%        N/A       54%         4


Dungeon Overview and Level Annotations

Branches:
Dungeon (2/15)

Altars:
Ashenzari

Shops:
D:1 [

Annotations:
D:2 Robin


Innate Abilities, Weirdness & Mutations

You cannot wear most types of armour.
You are amphibious.
You can wear up to eight rings at the same time.
Your skin changes colour to match your surroundings (Stealth+).
Your rubbery body absorbs attacks. (AC +1, EV +1)
((You are camouflaged when in or above water. (Stealth+)))
You have tentacles for arms and can constrict up to eight enemies at once.


Message History

Sorry, you're not good enough to have a special ability.
Unknown command.
Casting: Sandblast (safe; 3% risk of failure)
Confirm with . or Enter, or press ? or * to list all spells.
Aiming: Sandblast (safe; 3% risk of failure)
Press: ? - help, Shift-Dir - straight line, f/p - hobgoblin
Aim: a hobgoblin (almost dead, strong, 82% to hit)
The blast of sand misses the hobgoblin.
The blast of sand misses the goblin.
The blast of sand hits Robin.
Robin is lightly wounded.
The hobgoblin hits you but does no damage.
Casting: Sandblast (safe; 3% risk of failure)
Confirm with . or Enter, or press ? or * to list all spells.
Aiming: Sandblast (safe; 3% risk of failure)
Press: ? - help, Shift-Dir - straight line, f/p - hobgoblin
Aim: a hobgoblin (almost dead, strong, 82% to hit)
The blast of sand hits the hobgoblin!
You kill the hobgoblin!
Robin roars a battlecry!
The goblin hits you with a +0 dagger.
* * * LOW HITPOINT WARNING * * *
Casting: Sandblast (safe; 3% risk of failure)
Confirm with . or Enter, or press ? or * to list all spells.
Aiming: Sandblast (safe; 3% risk of failure)
Press: ? - help, Shift-Dir - straight line, f - goblin
Aim: a goblin, wielding a +0 dagger (strong, 77% to hit)
The blast of sand hits the goblin.
You kill the goblin!
The hobgoblin no longer looks unusually strong.
Casting: Sandblast (safe; 3% risk of failure)
Confirm with . or Enter, or press ? or * to list all spells.
Aiming: Sandblast (safe; 3% risk of failure)
Press: ? - help, Shift-Dir - straight line, f - Robin
Aim: Robin, wielding a +0 mace, wearing a +0 animal skin and wearing a +0 helmet (lightly wounded, 87% to hit)
The blast of sand hits Robin.
Robin is moderately wounded.
Robin roars a battlecry!
The hobgoblin goes into a battle-frenzy!
Robin hits you with a +0 mace!
You die...

......... ####........
#.....gg.... #####
#........... ...#
#...g.>..... ...
####g#.##### #.# #g#.#
######.# #g#.# #.......
#@#.# #....... ###.#.#
#....... #.....#
#....... ###.....#
#####....... .........#
#....#####.#
####.....###....#####)#
...............#.....#
###............#.....#
#............#.....#


You could see Robin and 3 hobgoblins.

Vanquished Creatures
  2 dart slugs
  A ball python (D:1)
  5 endoplasms
  11 goblins
  3 hobgoblins
  3 kobolds
  2 quokkas
  2 frilled lizards (D:1)
  8 rats
37 creatures vanquished.

Notes
Turn   | Place    | Note
-------+----------+-------------------------------------------
     0 | D:1      | Atelerd the Octopode Earth Elementalist began the quest for
                  | the Orb.
     0 | D:1      | Reached XP level 1. HP: 11/11 MP: 3/3
   145 | D:1      | Found Suytsopy's Antique Armour Emporium.
   152 | D:1      | Reached XP level 2. HP: 8/17 MP: 0/5
   571 | D:1      | Reached XP level 3. HP: 21/21 MP: 4/6
   843 | D:1      | Found a broken altar of Ashenzari.
  1068 | D:2      | Noticed Robin
  1081 | D:2      | Reached skill level 4 in Earth Magic
  1087 | D:2      | Slain by Robin

Illustrated notes

Levels and vault maps discovered:
D:1:      dpeg_arrival_lava_altar, layout_basic, serial_shops,
          nicolae_shop_just_a_little_nook
D:2:      layout_basic, uniq_robin

Skill      XL: |  1  2  3 |
---------------+----------+-----
Earth Magic    | 4 |  4.0
Fighting       | |  0.1
Dodging        | |  2.0
Stealth        | |  2.6
Spellcasting   | |  2.5
Transmutations | |  1.0

Action                     || total
---------------------------++-------
  Melee: Unarmed           ||     2
         Constrict         ||     2
         Dagger            ||     3
         Tentacles         ||     1
   Cast: Sandblast         ||    43
    Use: Potion            ||     2
 Armour: Skin              ||     3
  Dodge: Dodged            ||    11
